 Dungeon Crawl Stone Soup version 0.30.0-18-gc0e69614cb (webtiles) character file.

Game seed: 8716124330535622538

23 KittyFluff the Trooper (level 2, -2/19 HPs)
             Began as a Gargoyle Berserker on May 23, 2023.
             Was a Follower of Trog.
             Slain by a worm (9 damage)
             ... on level 2 of the Dungeon.
             The game lasted 00:03:00 (844 turns).

KittyFluff the Trooper (Gargoyle Berserker)          Turns: 844, Time: 00:03:01

Health: -2/19      AC:  6    Str: 20    XL:     2   Next: 95%
Magic:  2/2        EV: 11    Int:  7    God:    Trog [*.....]
Gold:   43         SH:  0    Dex:  9    Spells: 1/1 levels left

rFire   . . .        a - +0 mace
rCold   . . .        (no shield)
rNeg    + . .        g - +0 leather armour
rPois   ∞            (no helmet)
rElec   +            (no cloak)
rCorr   .            (no gloves)
SInv    +            (no boots)
Will    .....        j - amulet of the acrobat
Stlth   +            h - ring of see invisible
HPRegen 0.23/turn    (no ring)
MPRegen 0.08/turn

%: acrobat
@: no status effects
A: sickness immunity, AC +2, negative energy resistance 1, electricity
resistance, torment resistance 1, petrification resistance
a: Renounce Religion, Berserk


You were on level 2 of the Dungeon.
You worshipped Trog.
Trog was aware of your devotion.
You visited 1 branch of the dungeon, and saw 2 of its levels.

You collected 43 gold pieces.

Inventory:

Hand Weapons
 a - a +0 mace (weapon)
Missiles
 e - 5 stones (quivered)
Armour
 g - a +0 leather armour (worn)
Jewellery
 h - a ring of see invisible (left hand)
 j - an amulet of the acrobat (around neck)
Scrolls
 c - a scroll of noise {unknown}
 d - a scroll of identify {unknown}
Potions
 b - a potion of curing {unknown}
 f - a potion of attraction {unknown}
 i - a potion of heal wounds {unknown}


   Skills:
 + Level 3.5 Fighting
 + Level 3.5 Maces & Flails
 * Level 2.5 Armour
 + Level 1.7 Dodging
 + Level 0.2 Stealth


You had one spell level left.
You didn't know any spells.
Your spell library was empty.

Dungeon Overview and Level Annotations

Branches:
Dungeon (2/15)

Altars:

Annotations:
D:2 Terence


Innate Abilities, Weirdness & Mutations

You are immune to sickness and miasma.
Your stone body is resilient. (AC +2)
You are immune to poison.
You resist negative energy. (rN+)
You are resistant to electric shocks. (rElec)
You are resistant to unholy torment.
You are immune to petrification.


Message History

t - Shout!
Orders for allies: a - Attack new target. r - Retreat! s - Stop attacking. g - Guard the area. f - Follow me.
Anything else - Cancel.
You shout for attention!
An adder comes into view.
Terence the Incautious comes into view.
He is wielding a +0 flail and wearing a +4 chain mail of fire resistance.
You hit the worm.
The worm is moderately wounded.
You hit the worm.
The worm is heavily wounded.
Terence shouts, "Now you die!" The worm bites you.
You hit the worm but do no damage.
The worm is heavily wounded.
The worm closely misses you.
You hit the worm but do no damage.
The worm is heavily wounded.
The worm bites you but does no damage.
You barely miss the worm.
The worm is heavily wounded.
You barely miss the worm.
The worm is heavily wounded.
The worm bites you but does no damage.
You thump the worm!
The worm is severely wounded.
The worm bites you!
You hit the worm.
The worm is almost dead.
You hit the worm but do no damage.
The worm is almost dead.
The worm bites you.
You hit the worm.
The worm is almost dead.
The worm bites you.
You completely miss the worm.
The worm is almost dead.
The worm bites you!
You die...

........# #..
#######.# #####.. #.#
....... #.# !...b..
#.# ....... #.#
....... #.#
.......############.#
......S@bw@†........#
.......##############
..#<[.. #.#.. # #.w
##. #. #.


You could see Terence, a worm, an adder and a bat.

Vanquished Creatures
  A dart slug (D:1)
  A ball python (D:1)
  3 endoplasms (D:1)
  2 giant cockroaches
  3 goblins (D:1)
  4 hobgoblins (D:1)
  A bat (D:2)
  A kobold (D:1)
  A rat (D:1)
17 creatures vanquished.

Notes
Turn   | Place    | Note
-------+----------+-------------------------------------------
     0 | D:1      | KittyFluff the Gargoyle Berserker began the quest for the
                  | Orb.
     0 | D:1      | Reached XP level 1. HP: 14/14 MP: 1/1
   211 | D:1      | Reached XP level 2. HP: 19/19 MP: 2/2
   645 | D:1      | Found a faded altar of an unknown god.
   833 | D:2      | Noticed Terence
   844 | D:2      | Slain by a worm

Illustrated notes

Levels and vault maps discovered:
D:1:      psy_arrival_spokes, layout_basic, serial_corexii_hall,
          corexii_hall_statues_x, corexii_hall_statues_l,
          hellmonk_ecumenical_altar_zigzags, minivault_24
D:2:      layout_basic, uniq_terence, uniq_jessica

Action                     || total
---------------------------++-------
  Melee: Mace              ||    64
 Armour: Animal skin       ||     8
         Leather armour    ||    19
  Dodge: Dodged            ||    28
